Map: Ulrena

Players

strikerrose - Winner!

  • Race: Protoss Protoss
  • League: Diamond

LilDicky

  • Race: Terran Terran
  • League: Diamond

VOD

http://www.twitch.tv/tumescentpie

Description

Time

  • Played on: Jan. 2, 2016, 3:17 p.m.
  • Length: 12:45
Show
View Real Time Build Order
Export as new Build Order

strikerrose Protoss - Winner!

Build Orders: Oracle Opening 

Get SALT Encoding   

  12  0:08  Pylon  
  12  0:13  Probe (Chrono Boost)  
  13  0:28  Gateway  
  13  0:31  Probe (Chrono Boost)  
  14  0:41  Probe (Chrono Boost)  
  15  0:44  Assimilator  
  15  0:51  Assimilator  
  15  0:52  Probe (Chrono Boost)  
  16  1:02  Probe (Chrono Boost)  
  17  1:13  Probe (Chrono Boost)  
  17  1:15  Cybernetics Core  
  18  1:23  Probe (Chrono Boost)  
  19  1:29  Pylon  
  19  1:34  Probe (Chrono Boost)  
  20  1:44  Probe (Chrono Boost)  
  21  1:52  Stalker (Chrono Boost)  
  23  1:55  Mothership Core (Chrono Boost)  
  25  2:05  Pylon  
  25  2:10  Warp Gate  
  25  2:17  Probe  
  25  2:19  Stalker (Chrono Boost)  
  28  2:34  Stargate  
  28  2:48  Stalker (Chrono Boost)  
  30  3:07  Robotics Facility  
  30  3:11  Probe, Forge  
  31  3:24  Oracle  
  34  3:39  Probe  
  32  3:52  Probe  
  32  3:54  Photon Cannon  
  33  4:07  Probe  
  30  4:14  Stalker (Chrono Boost)  
  30  4:17  Oracle  
  32  4:19  Probe  
  36  4:31  Probe  
  37  4:52  Pylon  
  37  4:57  Pylon  
  37  5:08  Robotics Bay  
  37  5:10  Immortal  
  41  5:23  Probe  
  42  5:35  Probe  
  43  5:43  Stalker  
  43  5:48  Gateway  
  45  5:50  Probe, Gateway  
  46  6:12  Disruptor  
  49  6:21  Stalker  
  51  6:26  Probe  
  48  6:48  Disruptor (Chrono Boost)  
  44  6:56  Stalker x3  
  38  7:19  Mothership Core  
  38  7:20  Zealot  
  40  7:35  Pylon  
  38  7:40  Probe  
  39  7:47  Pylon  
  39  7:50  Pylon  
  39  8:05  Pylon  
  39  8:07  Pylon  
  39  8:08  Pylon  
  37  8:27  Immortal (Chrono Boost)  
  35  8:49  Stalker  
  35  8:52  Probe  
  35  8:53  Phoenix  
  40  8:58  Pylon  
  44  9:05  Disruptor (Chrono Boost)  
  41  9:18  Stalker x2  
  41  9:22  Phoenix  
  42  10:06  Disruptor (Chrono Boost)  
  45  10:18  Stalker x2  
  49  10:25  Nexus  
  49  10:27  Pylon x2  
  49  10:32  Pylon  
  49  10:48  Phoenix  
  51  11:09  Stalker  
  53  11:12  Stalker  
  55  11:24  Assimilator  
  50  12:09  Probe  
  50  12:15  Stalker x2  
  56  12:24  Probe  
  56  12:28  Assimilator  
Show
View Real Time Build Order
Export as new Build Order

LilDicky Terran 

Build Orders: MMM Bio 

Get SALT Encoding   

  12  0:01  SCV  
  13  0:17  Supply Depot  
  14  0:21  SCV  
  14  0:29  Refinery  
  14  0:33  SCV  
  15  0:46  Barracks  
  15  0:48  SCV  
  16  1:08  SCV  
  17  1:20  SCV  
  19  1:33  Marine  
  19  1:35  Supply Depot, Orbital Command  
  19  1:38  Factory  
  19  1:50  Marine  
  20  2:00  SCV, Barracks  
  21  2:10  Barracks  
  21  2:16  SCV  
  21  2:19  Barracks Reactor  
  22  2:29  SCV  
  23  2:31  Refinery  
  22  2:43  SCV  
  23  2:48  Barracks Tech Lab  
  23  2:56  Widow Mine  
  25  2:59  Barracks Tech Lab  
  25  3:00  Marine x2  
  27  3:08  Supply Depot, Stimpack  
  27  3:10  Marine  
  28  3:18  Supply Depot  
  28  3:19  Combat Shields  
  28  3:39  Marine x3  
  31  3:41  Marine  
  28  3:57  Marine x2  
  30  4:05  Marine  
  29  4:13  Marine  
  31  4:25  Supply Depot, Marauder  
  31  4:46  Marine  
  31  4:47  Marauder  
  31  4:48  Supply Depot  
  31  4:52  Concussive Shells  
  34  4:53  Starport  
  34  4:57  Marine  
  35  5:04  SCV, Marine  
  37  5:08  Marine  
  37  5:12  Engineering Bay  
  37  5:15  Marine  
  35  5:22  Marauder  
  35  5:25  Marine  
  38  5:33  Marine  
  38  5:35  Medivac  
  41  5:42  Supply Depot  
  41  5:43  Marine  
  41  5:44  Marauder  
  41  5:49  Missile Turret  
  44  5:51  Marine  
  44  5:56  SCV  
  46  6:01  Marine  
  42  6:05  Marine  
  42  6:08  Medivac  
  45  6:16  Marine  
  46  6:19  Marauder  
  48  6:31  Marine  
  49  6:34  Marine  
  50  6:41  Marauder  
  35  7:12  Marine x2  
  35  7:13  Marauder  
  35  7:30  Marauder  
  35  7:34  Marauder  
  36  7:46  Marine  
  37  7:51  Marine  
  35  8:02  Marine  
  35  8:04  Marine  
  37  8:09  Marine  
  37  8:20  Marine  
  37  8:32  Marine x2  
  33  8:38  Marine  
  30  8:50  Marine x2  
  30  8:52  Medivac  
  34  8:56  Marine  
  35  9:06  Command Center  
  35  9:08  Marine x2  
  37  9:14  Marine  
  38  9:26  Marine x2  
  34  9:32  Marine  
  33  9:44  Marine  
  27  9:59  Marine x2  
  28  10:01  Marine  
  28  10:13  Medivac  
  30  10:17  Marauder x2  
  30  10:19  Marine  
  35  10:22  Orbital Command  
  35  10:29  Orbital Command  
  35  10:37  Marine  
  35  10:38  Barracks  
  35  10:39  Marauder x2  
  40  10:55  Marine  
  41  11:00  Marine  
  41  11:01  Marine  
  43  11:10  SCV  
  44  11:13  Marine  
  44  11:18  Marine, Marauder  
  47  11:21  SCV  
  49  11:27  Refinery  
  49  11:34  Marine  
  49  11:36  Marine  
  49  11:39  Marine  
  46  11:51  Marine  
  32  11:54  Marine  
  29  12:02  Marine  
  29  12:06  Marine  
  29  12:07  SCV  
  29  12:09  Marine  
  29  12:10  SCV  
  29  12:12  Marine  
  27  12:20  Marine  
  27  12:22  SCV  
  29  12:23  SCV  
  29  12:24  Marine  
  29  12:27  Marine  
Tags
 
Add a new tag
Caveats
  • Supply blocks, unpowered buildings, or Contaminate may cause inaccurate times.
  • Supply counts are checked every 10 seconds.